AoeStats
← Leonardo

African Clearing

510453496Analyzed
3v3 RM · 22h ago on Oct 1, 2026· 28m 58s· 6 players
Game mode
Random Map
Map size
Normal (6 player)
Population
200
Speed
Normal
Resources
Standard
Victory
Conquest
Starting age
Dark Age
Ending age
Imperial Age
RankedLock teamsTeams togetherTeam positionsShared explorationLock speedFull tech treeHidden civsTurbo modeCheats
Victory
Defeat
🇨🇱 Spanish · Chile
1322
+16
🇨🇱 Gurjaras · Chile
1319
+16
🇨🇱 Mongols · Chile
1283
+18
🇲🇽 Vietnamese · Mexico
1334
-17
🇵🇹 Huns · Portugal
1323
-17
🇺🇸 Bulgarians · United States
1302
-16
Leonardo
9:26 Loom
11:44 Feudal Age
12:43 Double-Bit Axe
13:59 Forging
14:49 Double-Bit Axe
24:16 Castle Age
22:34 Stone Mining
25:59 Bow Saw
26:03 Padded Archer Armor
Gus Dekkers
6:22 Loom
12:16 Feudal Age
14:37 Scale Barding Armor
15:28 Forging
21:37 Castle Age
21:28 Bloodlines
22:10 Fletching
22:20 Padded Archer Armor
21:53 Elite Skirmisher
25:48 Ballistics
Mancodios
10:31 Loom
12:37 Feudal Age
14:27 Forging
14:57 Double-Bit Axe
22:41 Castle Age
20:44 Fletching
26:18 Husbandry
28:48 Bodkin Arrow
Speed_of_Anarchy
8:19 Loom
13:11 Feudal Age
16:33 Forging
16:46 Scale Barding Armor
16:43 Scale Mail Armor
16:55 Arson
19:49 Wheelbarrow
30:25 Castle Age
28:25 Fletching
29:05 Stone Mining
batbeetch
6:57 Loom
14:24 Feudal Age
18:23 Castle Age
16:27 Double-Bit Axe
18:01 Gold Mining
18:59 Fletching
19:23 Bow Saw
19:29 Padded Archer Armor
22:35 Husbandry
24:59 Ballistics
26:07 Crossbowman
26:58 Thumb Ring
29:19 Bloodlines
1of4kind
5:18 Loom
12:28 Feudal Age
13:13 Double-Bit Axe
16:38 Scale Barding Armor
16:43 Forging
18:38 Fletching
28:04 Castle Age
27:09 Bloodlines
Connection lost

Rejoining the realm…

Still unreachable

The connection could not be restored.

Session expired

The server has moved on; the page needs a fresh start.